[ AOE2 MATCH · #482503526 ]
Team RMMagyars vs Celts
[ REPLAY ANALYSIS · EXTRACTED FROM THE RECORDED GAME ]
Feudal
—
Castle
—
Imperial
—
| APM avg | 17.2 |
| APM peak | 66 |
| eAPM avg | 8.0 |
| Villagers / military | 50 / 8 |
Focus
⚔️ 12.2% · 🌾 87.8%
Knight ×8
Feudal
10:08
Castle
19:21
Imperial
—
| APM avg | 7.8 |
| APM peak | 25 |
| eAPM avg | 7.1 |
| Villagers / military | 37 / 0 |
Focus
⚔️ 4.6% · 🌾 95.4%
Feudal
—
Castle
—
Imperial
—
| APM avg | 11.0 |
| APM peak | 42 |
| eAPM avg | 7.1 |
| Villagers / military | 35 / 7 |
Focus
⚔️ 25.7% · 🌾 74.3%
Spearman ×6 · Archer ×1
Feudal
11:32
Castle
17:56
Imperial
—
| APM avg | 21.8 |
| APM peak | 44 |
| eAPM avg | 8.3 |
| Villagers / military | 40 / 5 |
Focus
⚔️ 14.5% · 🌾 85.5%
Scout Cavalry ×5
Feudal
—
Castle
—
Imperial
—
| APM avg | 21.9 |
| APM peak | 70 |
| eAPM avg | 12.2 |
| Villagers / military | 57 / 0 |
Focus
⚔️ 4.5% · 🌾 95.5%
Feudal
10:38
Castle
—
Imperial
—
| APM avg | 25.4 |
| APM peak | 47 |
| eAPM avg | 12.8 |
| Villagers / military | 48 / 0 |
Focus
⚔️ 2.5% · 🌾 97.5%
Feudal
12:09
Castle
—
Imperial
—
| APM avg | 25.5 |
| APM peak | 50 |
| eAPM avg | 9.7 |
| Villagers / military | 31 / 16 |
Focus
⚔️ 28.8% · 🌾 71.2%
Militia ×9 · Skirmisher ×5 · Spearman ×2
Feudal
—
Castle
—
Imperial
—
| APM avg | 9.6 |
| APM peak | 23 |
| eAPM avg | 7.5 |
| Villagers / military | 42 / 0 |
Focus
⚔️ 6.0% · 🌾 94.0%
Match map
Initial resources + every placement click. Lines = walls · curves = elevation contours. ◆ gold · ⬟ stone · ● berries · ✦ relic · ◌ wall gap
Your base· ✓ Closed at 14:47 · 0t walls · 1 gate(s)
Zkittlez's base· ✓ Closed at 19:21 · 15t walls · 1 gate(s)
aintatenaTTV's base· ✓ Closed at 12:00 · 14t walls · 1 gate(s)
Burzgûl's base· ✓ Closed at 17:56 · 15t walls · 1 gate(s)
ROXAS091's base· ✓ Closed at 19:22 · 14t walls · 1 gate(s)
Wondermaker's base· ✓ Closed at 21:50 · 12t walls · 1 gate(s)
mattsouzadrums's base· Open — 11t gap
XGTIROMlllX's base· ✓ Closed at 16:46 · 28t walls · 2 gate(s)
Smoothed initial terrain · ◌ = detected wall gap · hover for details
Inputs per minute
— Titoxhn - - Zkittlez
Build order — Titoxhn
101 actions detected in the replay
| 0:02 | Create | Villager (Male) |
| 0:02 | Create | Villager (Male) |
| 0:03 | Create | Villager (Male) |
| 0:03 | Create | Villager (Male) |
| 0:06 | Build | House |
| 1:37 | Create | Villager (Male) |
| 1:50 | Build | House |
| 2:30 | Create | Villager (Male) |
| 2:36 | Build | House |
| 2:38 | Build | House |
| 2:52 | Create | Villager (Male) |
| 2:54 | Create | Villager (Male) |
| 3:27 | Build | Lumber Camp |
| 3:45 | Create | Villager (Male) |
| 3:51 | Create | Villager (Male) |
| 4:20 | Create | Villager (Male) |
| 4:30 | Create | Villager (Male) |
| 4:48 | Create | Villager (Male) |
| 5:02 | Build | Palisade Gate |
| 5:12 | Create | Villager (Male) |
| 5:24 | Build | House |
| 5:28 | Build | House |
| 5:40 | Create | Villager (Male) |
| 5:42 | Create | Villager (Male) |
| 6:52 | Create | Villager (Male) |
| 7:00 | Build | Mining Camp |
| 7:14 | Create | Villager (Male) |
| 7:14 | Create | Villager (Male) |
| 7:59 | Build | Mill |
| 8:31 | Create | Villager (Male) |
| 8:33 | Create | Villager (Male) |
| 9:05 | Create | Villager (Male) |
| 9:48 | Create | Villager (Male) |
| 10:08 | Create | Villager (Male) |
| 10:20 | Build | Farm |
| 10:26 | Research | Loom |
| 10:30 | Research | Feudal Age |
| 11:00 | Build | Farm |
| 11:05 | Build | Farm |
| 11:08 | Build | Farm |
| 11:11 | Build | Farm |
| 11:13 | Build | Farm |
| 11:16 | Build | Farm |
| 11:18 | Build | Farm |
| 12:40 | Create | Villager (Male) |
| 12:41 | Create | Villager (Male) |
| 13:02 | Build | House |
| 13:17 | Build | Market |
| 13:23 | Build | Blacksmith |
| 13:58 | Create | Villager (Male) |
| 14:32 | Build | Barracks |
| 14:36 | Create | Villager (Male) |
| 14:47 | Research | Castle Age |
| 14:54 | Create | Villager (Male) |
| 15:16 | Build | Farm |
| 15:22 | Research | Double-Bit Axe |
| 15:25 | Research | Horse Collar |
| 15:39 | Build | Gate |
| 15:52 | Build | Stable |
| 16:16 | Create | Villager (Male) |
| 17:41 | Research | Wheelbarrow |
| 17:52 | Build | Town Center |
| 17:56 | Create | Knight |
| 17:56 | Create | Knight |
| 17:56 | Create | Knight |
| 17:57 | Create | Knight |
| 17:57 | Create | Knight |
| 18:02 | Create | Villager (Male) |
| 18:03 | Create | Villager (Male) |
| 18:03 | Create | Villager (Male) |
| 18:12 | Build | Farm |
| 18:35 | Create | Knight |
| 18:41 | Create | Villager (Male) |
| 18:58 | Create | Villager (Male) |
| 19:24 | Create | Knight |
| 19:38 | Create | Villager (Male) |
| 19:38 | Create | Villager (Male) |
| 19:38 | Create | Villager (Male) |
| 19:45 | Build | Town Center |
| 20:02 | Create | Villager (Male) |
| 20:22 | Create | Villager (Male) |
| 20:22 | Create | Villager (Male) |
| 20:39 | Build | House |
| 20:42 | Build | House |
| 20:44 | Build | House |
| 20:47 | Build | Farm |
| 20:58 | Create | Villager (Male) |
| 20:58 | Create | Villager (Male) |
| 20:58 | Create | Villager (Male) |
| 20:59 | Create | Villager (Male) |
| 21:10 | Create | Villager (Male) |
| 21:10 | Create | Villager (Male) |
| 21:45 | Create | Knight |
| 21:47 | Create | Villager (Male) |
| 21:48 | Create | Villager (Male) |
| 21:48 | Create | Villager (Male) |
| 21:52 | Build | Farm |
| 21:52 | Build | Farm |
| 21:53 | Build | Farm |
| 21:53 | Build | Farm |
| 21:53 | Build | Farm |
Build order — Zkittlez
87 actions detected in the replay
| 0:04 | Build | House |
| 0:05 | Build | House |
| 0:06 | Create | Villager (Male) |
| 0:07 | Create | Villager (Male) |
| 0:07 | Create | Villager (Male) |
| 0:07 | Create | Villager (Male) |
| 0:07 | Create | Villager (Male) |
| 1:37 | Create | Villager (Male) |
| 1:53 | Build | Lumber Camp |
| 2:26 | Build | Palisade Wall |
| 2:28 | Create | Villager (Male) |
| 2:29 | Create | Villager (Male) |
| 2:29 | Create | Villager (Male) |
| 2:56 | Create | Villager (Male) |
| 3:38 | Create | Villager (Male) |
| 3:47 | Build | House |
| 4:01 | Create | Villager (Male) |
| 4:05 | Research | Loom |
| 4:23 | Build | House |
| 5:11 | Create | Villager (Male) |
| 5:12 | Create | Villager (Male) |
| 6:09 | Create | Villager (Male) |
| 6:15 | Create | Villager (Male) |
| 6:31 | Build | Mill |
| 6:47 | Create | Villager (Male) |
| 7:27 | Create | Villager (Male) |
| 7:58 | Research | Feudal Age |
| 8:20 | Build | House |
| 8:21 | Build | House |
| 8:37 | Build | Mining Camp |
| 8:59 | Build | Palisade Gate |
| 9:33 | Create | Villager (Male) |
| 9:33 | Create | Villager (Male) |
| 9:34 | Create | Villager (Male) |
| 10:08 | Age | Feudal Age |
| 10:09 | Research | Double-Bit Axe |
| 10:09 | Research | Double-Bit Axe |
| 10:24 | Research | Horse Collar |
| 10:56 | Create | Villager (Male) |
| 11:14 | Create | Villager (Male) |
| 11:14 | Create | Villager (Male) |
| 11:40 | Build | Stable |
| 11:44 | Build | Blacksmith |
| 11:58 | Build | Farm |
| 12:10 | Build | Farm |
| 12:23 | Research | Wheelbarrow |
| 12:50 | Build | Farm |
| 12:59 | Build | House |
| 13:14 | Build | Farm |
| 13:27 | Build | Farm |
| 13:37 | Build | Farm |
| 13:57 | Build | Farm |
| 14:11 | Build | Farm |
| 14:23 | Build | Farm |
| 14:41 | Build | Farm |
| 14:50 | Build | Farm |
| 15:11 | Build | Farm |
| 15:16 | Create | Villager (Male) |
| 15:17 | Create | Villager (Male) |
| 15:17 | Create | Villager (Male) |
| 15:18 | Create | Villager (Male) |
| 15:46 | Build | Farm |
| 16:11 | Build | Farm |
| 16:35 | Build | Farm |
| 16:41 | Research | Castle Age |
| 16:51 | Create | Villager (Male) |
| 16:51 | Create | Villager (Male) |
| 17:03 | Build | Mining Camp |
| 17:15 | Research | Gold Mining |
| 17:23 | Research | Stone Mining |
| 17:37 | Create | Villager (Male) |
| 18:14 | Research | Forging |
| 19:21 | Age | Castle Age |
| 19:25 | Build | Town Center |
| 19:32 | Research | Bow Saw |
| 19:36 | Research | Heavy Plow |
| 19:39 | Research | Gold Shaft Mining |
| 19:56 | Create | Villager (Male) |
| 20:09 | Research | Stone Shaft Mining |
| 20:33 | Create | Villager (Male) |
| 20:33 | Create | Villager (Male) |
| 20:34 | Create | Villager (Male) |
| 21:03 | Research | Iron Casting |
| 21:19 | Build | Market |
| 22:02 | Research | Hand Cart |
| 22:03 | Create | Villager (Male) |
| 22:03 | Create | Villager (Male) |
Build order — aintatenaTTV
70 actions detected in the replay
| 0:06 | Build | House |
| 0:10 | Build | House |
| 0:13 | Build | House |
| 0:18 | Create | Villager (Male) ×4 |
| 0:18 | Create | Villager (Male) |
| 0:19 | Research | Loom |
| 2:19 | Create | Villager (Male) |
| 3:05 | Create | Villager (Male) |
| 3:37 | Create | Villager (Male) |
| 4:24 | Create | Villager (Male) |
| 4:33 | Create | Villager (Male) |
| 4:59 | Build | Palisade Wall |
| 5:07 | Create | Villager (Male) |
| 5:21 | Build | Lumber Camp |
| 5:58 | Build | Palisade Gate |
| 6:03 | Create | Villager (Male) |
| 6:48 | Build | Mill |
| 6:52 | Create | Villager (Male) ×3 |
| 6:52 | Create | Villager (Male) |
| 7:18 | Build | House |
| 7:24 | Create | Villager (Male) |
| 7:52 | Create | Villager (Male) |
| 8:51 | Build | Mining Camp |
| 9:01 | Create | Villager (Male) |
| 9:01 | Create | Villager (Male) |
| 9:50 | Build | Farm |
| 9:54 | Build | Farm |
| 9:59 | Build | Farm |
| 10:14 | Build | House |
| 10:28 | Create | Villager (Male) |
| 11:04 | Create | Villager (Male) |
| 11:05 | Create | Villager (Male) |
| 12:15 | Research | Feudal Age |
| 12:27 | Build | Barracks |
| 12:45 | Create | Villager (Male) |
| 12:46 | Create | Villager (Male) |
| 13:09 | Build | Farm |
| 13:45 | Build | Farm |
| 13:54 | Build | Mining Camp |
| 13:58 | Create | Villager (Male) |
| 13:59 | Create | Villager (Male) |
| 15:11 | Create | Spearman |
| 15:12 | Create | Spearman |
| 16:09 | Create | Villager (Male) |
| 16:14 | Build | Farm |
| 16:18 | Build | Farm |
| 16:37 | Create | Spearman |
| 16:47 | Build | House |
| 16:52 | Build | House |
| 16:54 | Build | House |
| 17:07 | Create | Spearman |
| 17:31 | Create | Villager (Male) |
| 17:31 | Create | Villager (Male) |
| 17:31 | Create | Villager (Male) |
| 17:41 | Research | Double-Bit Axe |
| 17:49 | Research | Horse Collar |
| 18:12 | Create | Spearman |
| 18:33 | Create | Villager (Male) |
| 18:43 | Build | Farm |
| 18:56 | Build | Archery Range |
| 19:55 | Create | Spearman |
| 19:58 | Create | Archer |
| 20:07 | Build | House |
| 20:10 | Build | House |
| 20:12 | Build | House |
| 20:26 | Create | Villager (Male) |
| 20:27 | Create | Villager (Male) |
| 20:28 | Create | Villager (Male) |
| 20:44 | Build | Market |
| 21:05 | Build | Stone Wall |
Build order — Burzgûl
66 actions detected in the replay
| 0:04 | Create | Villager (Male) |
| 0:04 | Create | Villager (Male) |
| 0:04 | Create | Villager (Male) |
| 0:04 | Create | Villager (Male) |
| 2:00 | Build | Lumber Camp |
| 2:03 | Create | Villager (Male) |
| 2:15 | Create | Villager (Male) |
| 2:34 | Create | Villager (Male) |
| 3:01 | Create | Villager (Male) |
| 3:34 | Create | Villager (Male) |
| 3:34 | Create | Villager (Male) |
| 3:58 | Create | Villager (Male) |
| 3:59 | Create | Villager (Male) |
| 3:59 | Create | Villager (Male) |
| 4:20 | Build | Palisade Wall |
| 5:14 | Build | Mill |
| 5:29 | Create | Villager (Male) |
| 5:30 | Create | Villager (Male) |
| 5:46 | Create | Villager (Male) |
| 5:46 | Create | Villager (Male) |
| 5:46 | Create | Villager (Male) |
| 6:09 | Create | Villager (Male) ×2 |
| 7:21 | Build | Mining Camp |
| 7:25 | Create | Villager (Male) ×3 |
| 9:19 | Build | Mining Camp |
| 9:22 | Research | Feudal Age |
| 9:37 | Build | Farm |
| 9:37 | Build | Farm |
| 9:37 | Build | Farm |
| 9:37 | Build | Farm |
| 9:49 | Create | Villager (Male) |
| 9:53 | Create | Villager (Male) |
| 10:41 | Build | Barracks |
| 11:17 | Create | Villager (Male) ×5 |
| 11:32 | Age | Feudal Age |
| 11:51 | Research | Double-Bit Axe |
| 11:54 | Research | Horse Collar |
| 12:35 | Build | Lumber Camp |
| 13:42 | Build | Stable |
| 14:06 | Build | Farm |
| 14:15 | Build | Palisade Gate |
| 14:31 | Build | Farm |
| 14:44 | Build | Blacksmith |
| 15:00 | Research | Loom |
| 15:16 | Research | Castle Age |
| 15:44 | Create | Villager (Male) |
| 17:13 | Research | Loom |
| 17:22 | Create | Scout Cavalry ×5 |
| 17:28 | Research | Scale Barding Armor |
| 17:35 | Research | Forging |
| 17:56 | Age | Castle Age |
| 18:24 | Create | Villager (Male) ×3 |
| 18:49 | Create | Villager (Male) ×3 |
| 18:59 | Build | Farm |
| 19:25 | Build | Farm |
| 19:55 | Build | Stable |
| 19:58 | Build | Stable |
| 20:05 | Build | Stable |
| 20:23 | Research | Husbandry |
| 20:27 | Research | Bloodlines |
| 20:47 | Build | Town Center |
| 21:13 | Build | Town Center |
| 21:17 | Research | Gold Mining |
| 21:32 | Create | Villager (Male) |
| 21:32 | Create | Villager (Male) |
| 21:32 | Create | Villager (Male) |
Build order — ROXAS091
148 actions detected in the replay
| 0:04 | Build | House |
| 0:05 | Research | Loom |
| 0:05 | Create | Villager (Male) |
| 0:06 | Create | Villager (Male) |
| 0:06 | Create | Villager (Male) |
| 0:06 | Create | Villager (Male) |
| 0:06 | Create | Villager (Male) |
| 0:06 | Create | Villager (Male) |
| 0:06 | Create | Villager (Male) |
| 0:57 | Build | Palisade Wall |
| 1:26 | Build | House |
| 1:43 | Create | Villager (Male) |
| 2:50 | Create | Villager (Male) |
| 2:50 | Create | Villager (Male) |
| 2:50 | Create | Villager (Male) |
| 2:50 | Create | Villager (Male) |
| 2:50 | Create | Villager (Male) |
| 2:50 | Create | Villager (Male) |
| 3:18 | Build | Lumber Camp |
| 4:02 | Create | Villager (Male) |
| 4:02 | Create | Villager (Male) |
| 4:02 | Create | Villager (Male) |
| 4:02 | Create | Villager (Male) |
| 4:02 | Create | Villager (Male) |
| 4:02 | Create | Villager (Male) |
| 4:02 | Create | Villager (Male) |
| 4:02 | Create | Villager (Male) |
| 4:30 | Create | Villager (Male) |
| 4:30 | Create | Villager (Male) |
| 4:30 | Create | Villager (Male) |
| 4:30 | Create | Villager (Male) |
| 4:30 | Create | Villager (Male) |
| 4:30 | Create | Villager (Male) |
| 4:53 | Create | Villager (Male) |
| 5:15 | Create | Villager (Male) |
| 5:16 | Create | Villager (Male) |
| 5:16 | Create | Villager (Male) |
| 5:16 | Create | Villager (Male) |
| 5:16 | Create | Villager (Male) |
| 5:16 | Create | Villager (Male) |
| 5:16 | Create | Villager (Male) |
| 5:16 | Create | Villager (Male) |
| 5:16 | Create | Villager (Male) |
| 5:27 | Create | Villager (Male) |
| 5:59 | Build | House |
| 6:08 | Create | Villager (Male) |
| 6:10 | Create | Villager (Male) |
| 6:21 | Build | House |
| 7:58 | Create | Villager (Male) |
| 8:13 | Build | Mill |
| 8:42 | Create | Villager (Male) |
| 8:44 | Research | Feudal Age |
| 10:11 | Build | Mining Camp |
| 11:18 | Research | Wheelbarrow |
| 11:18 | Research | Wheelbarrow |
| 11:18 | Research | Wheelbarrow |
| 11:18 | Research | Wheelbarrow |
| 11:18 | Research | Wheelbarrow |
| 11:20 | Research | Double-Bit Axe |
| 11:28 | Research | Horse Collar |
| 11:32 | Create | Villager (Male) |
| 11:32 | Create | Villager (Male) |
| 11:33 | Create | Villager (Male) |
| 12:18 | Build | Gate |
| 13:02 | Build | Blacksmith |
| 13:24 | Create | Villager (Male) |
| 13:52 | Create | Villager (Male) |
| 14:11 | Build | Market |
| 14:16 | Build | House |
| 15:21 | Create | Villager (Male) |
| 15:33 | Build | Lumber Camp |
| 15:48 | Create | Villager (Male) |
| 16:11 | Create | Villager (Male) |
| 16:16 | Build | Farm |
| 16:17 | Build | Farm |
| 16:18 | Build | Farm |
| 16:19 | Build | Farm |
| 16:20 | Build | Farm |
| 16:21 | Build | Farm |
| 16:22 | Build | Farm |
| 16:23 | Build | Farm |
| 16:24 | Build | Farm |
| 16:24 | Build | Farm |
| 16:25 | Build | Farm |
| 16:25 | Build | Farm |
| 16:26 | Build | Farm |
| 16:29 | Create | Villager (Male) |
| 16:57 | Build | Farm |
| 16:57 | Build | Farm |
| 16:58 | Build | Farm |
| 17:02 | Create | Villager (Male) |
| 17:10 | Build | House |
| 17:16 | Build | House |
| 17:36 | Build | Farm |
| 18:00 | Create | Villager (Male) |
| 18:07 | Build | Mill |
| 18:09 | Build | Farm |
| 18:09 | Build | Farm |
| 18:09 | Build | Farm |
| 18:10 | Build | Farm |
| 18:10 | Build | Farm |
| 18:10 | Build | Farm |
| 18:29 | Build | Farm |
| 18:29 | Build | Farm |
| 18:29 | Build | Farm |
| 18:30 | Build | Farm |
| 18:30 | Build | Farm |
| 18:30 | Build | Farm |
| 18:31 | Build | Farm |
| 18:31 | Build | Farm |
| 18:31 | Build | Farm |
| 18:32 | Build | Farm |
| 18:32 | Build | Farm |
| 18:32 | Build | Farm |
| 18:32 | Build | Farm |
| 18:33 | Build | Farm |
| 18:33 | Build | Farm |
| 18:33 | Build | Farm |
| 18:34 | Build | Farm |
| 18:34 | Build | Farm |
| 18:34 | Build | Farm |
| 18:35 | Build | Farm |
| 18:35 | Build | Farm |
| 18:35 | Build | Farm |
| 18:36 | Build | Farm |
| 18:36 | Build | Farm |
| 18:36 | Build | Farm |
| 18:50 | Create | Villager (Male) |
| 18:53 | Build | Farm |
| 18:54 | Build | Farm |
| 18:54 | Build | Farm |
| 18:55 | Build | Farm |
| 18:55 | Build | Farm |
| 18:58 | Build | Farm |
| 18:58 | Build | Farm |
| 18:58 | Build | Farm |
| 18:59 | Build | Farm |
| 18:59 | Build | Farm |
| 19:00 | Build | Farm |
| 19:00 | Build | Farm |
| 19:05 | Build | Farm |
| 19:05 | Build | Farm |
| 19:20 | Build | Farm |
| 19:22 | Research | Castle Age |
| 21:55 | Create | Villager (Male) |
| 21:56 | Create | Villager (Male) |
| 22:04 | Build | Town Center |
| 22:08 | Build | Town Center |
Build order — Wondermaker
99 actions detected in the replay
| 0:07 | Build | House |
| 0:10 | Build | House |
| 0:12 | Create | Villager (Male) |
| 0:12 | Create | Villager (Male) |
| 0:12 | Create | Villager (Male) |
| 0:13 | Create | Villager (Male) |
| 1:41 | Create | Villager (Male) |
| 2:57 | Create | Villager (Male) |
| 2:57 | Create | Villager (Male) |
| 2:57 | Create | Villager (Male) |
| 2:57 | Create | Villager (Male) |
| 3:40 | Build | Lumber Camp |
| 3:44 | Create | Villager (Male) |
| 3:44 | Create | Villager (Male) |
| 3:45 | Create | Villager (Male) |
| 4:26 | Build | House |
| 4:40 | Create | Villager (Male) |
| 4:40 | Create | Villager (Male) |
| 4:57 | Create | Villager (Male) |
| 5:03 | Create | Villager (Male) |
| 5:05 | Research | Loom |
| 5:53 | Build | Mill |
| 6:58 | Build | Palisade Wall |
| 7:02 | Build | Palisade Gate |
| 7:06 | Build | Palisade Wall |
| 8:28 | Research | Feudal Age |
| 8:44 | Build | House |
| 9:21 | Create | Villager (Male) |
| 9:21 | Create | Villager (Male) |
| 10:04 | Create | Villager (Male) |
| 10:38 | Age | Feudal Age |
| 10:46 | Build | Watch Tower |
| 10:55 | Research | Double-Bit Axe |
| 10:57 | Research | Horse Collar |
| 11:04 | Build | Farm |
| 11:05 | Build | Farm |
| 11:07 | Build | Farm |
| 11:19 | Create | Villager (Male) |
| 11:19 | Create | Villager (Male) |
| 11:34 | Build | Mining Camp |
| 11:43 | Create | Villager (Male) |
| 11:43 | Create | Villager (Male) |
| 12:04 | Build | House |
| 12:24 | Build | Farm |
| 13:38 | Build | Town Center |
| 13:47 | Create | Villager (Male) |
| 13:47 | Create | Villager (Male) |
| 13:48 | Create | Villager (Male) |
| 13:48 | Create | Villager (Male) |
| 14:00 | Build | Mining Camp |
| 14:23 | Build | Farm |
| 14:44 | Build | House |
| 14:45 | Build | House |
| 15:16 | Create | Villager (Male) |
| 15:17 | Create | Villager (Male) |
| 15:17 | Create | Villager (Male) |
| 15:17 | Create | Villager (Male) |
| 15:31 | Build | Farm |
| 15:58 | Build | Farm |
| 16:14 | Create | Villager (Male) |
| 16:14 | Create | Villager (Male) |
| 16:14 | Create | Villager (Male) |
| 16:14 | Create | Villager (Male) |
| 16:21 | Build | Farm |
| 16:30 | Create | Villager (Male) |
| 16:30 | Create | Villager (Male) |
| 16:33 | Create | Villager (Male) |
| 16:33 | Create | Villager (Male) |
| 16:45 | Build | Farm |
| 17:09 | Build | Farm |
| 17:13 | Build | Farm |
| 17:14 | Create | Villager (Male) |
| 17:15 | Create | Villager (Male) |
| 17:15 | Create | Villager (Male) |
| 17:15 | Create | Villager (Male) |
| 17:19 | Create | Villager (Male) |
| 17:19 | Create | Villager (Male) |
| 17:34 | Build | Farm |
| 17:55 | Build | Farm |
| 17:58 | Build | Farm |
| 17:59 | Build | Farm |
| 18:00 | Build | Farm |
| 18:03 | Build | Farm |
| 18:03 | Build | Farm |
| 18:34 | Build | Farm |
| 18:41 | Build | Farm |
| 18:53 | Build | House |
| 18:54 | Build | House |
| 19:14 | Build | Farm |
| 19:41 | Create | Villager (Male) |
| 20:26 | Build | Farm |
| 20:37 | Build | Blacksmith |
| 20:40 | Build | Market |
| 20:51 | Build | Farm |
| 21:16 | Create | Villager (Male) |
| 21:16 | Create | Villager (Male) |
| 21:50 | Research | Castle Age |
| 21:54 | Research | Castle Age |
| 22:04 | Build | Barracks |
Build order — mattsouzadrums
80 actions detected in the replay
| 0:03 | Build | House |
| 0:08 | Build | House |
| 0:10 | Create | Villager (Male) |
| 0:10 | Create | Villager (Male) |
| 0:11 | Create | Villager (Male) |
| 0:11 | Create | Villager (Male) |
| 0:12 | Research | Loom |
| 1:38 | Create | Villager (Male) |
| 1:57 | Build | Lumber Camp |
| 2:17 | Create | Villager (Male) |
| 3:26 | Create | Villager (Male) |
| 3:26 | Create | Villager (Male) |
| 4:08 | Create | Villager (Male) |
| 4:08 | Create | Villager (Male) |
| 4:58 | Build | House |
| 5:58 | Create | Villager (Male) |
| 5:59 | Create | Villager (Male) |
| 5:59 | Create | Villager (Male) |
| 5:59 | Create | Villager (Male) |
| 7:04 | Create | Villager (Male) |
| 7:05 | Create | Villager (Male) |
| 7:05 | Create | Villager (Male) |
| 7:05 | Create | Villager (Male) |
| 7:38 | Build | Mill |
| 9:59 | Research | Feudal Age |
| 11:50 | Create | Villager (Male) |
| 11:51 | Create | Villager (Male) |
| 11:51 | Create | Villager (Male) |
| 11:51 | Create | Villager (Male) |
| 11:52 | Create | Villager (Male) |
| 12:09 | Age | Feudal Age |
| 12:10 | Build | Barracks |
| 13:08 | Build | Farm |
| 13:09 | Build | Farm |
| 13:09 | Build | Farm |
| 13:09 | Build | Farm |
| 13:09 | Build | Farm |
| 14:09 | Build | House |
| 14:16 | Research | Horse Collar |
| 14:18 | Research | Double-Bit Axe |
| 14:22 | Create | Villager (Male) |
| 14:22 | Create | Villager (Male) |
| 14:23 | Create | Villager (Male) |
| 14:37 | Create | Militia |
| 14:38 | Create | Militia |
| 14:38 | Create | Militia |
| 14:49 | Build | Mining Camp |
| 15:02 | Build | Archery Range |
| 17:02 | Build | Stable |
| 17:04 | Create | Skirmisher |
| 17:04 | Create | Skirmisher |
| 17:05 | Create | Skirmisher |
| 17:05 | Create | Skirmisher |
| 17:05 | Create | Skirmisher |
| 17:13 | Build | House |
| 17:14 | Build | House |
| 17:20 | Build | Palisade Gate |
| 17:24 | Build | House |
| 17:26 | Build | House |
| 17:28 | Build | House |
| 17:46 | Build | House |
| 18:46 | Research | Man-at-Arms (upgrade) |
| 20:01 | Create | Militia |
| 20:01 | Create | Militia |
| 20:01 | Create | Militia |
| 20:02 | Create | Militia |
| 20:02 | Create | Militia |
| 20:02 | Create | Militia |
| 20:18 | Build | Blacksmith |
| 20:23 | Create | Villager (Male) |
| 20:24 | Create | Villager (Male) |
| 20:24 | Create | Villager (Male) |
| 20:24 | Create | Villager (Male) |
| 20:24 | Create | Villager (Male) |
| 20:40 | Build | Farm |
| 20:41 | Build | Farm |
| 20:43 | Build | Farm |
| 20:53 | Create | Spearman |
| 20:54 | Create | Spearman |
| 20:55 | Research | Arson |
Build order — XGTIROMlllX
91 actions detected in the replay
| 0:01 | Create | Villager (Male) |
| 0:01 | Create | Villager (Male) |
| 0:01 | Create | Villager (Male) |
| 0:02 | Create | Villager (Male) |
| 0:04 | Build | House |
| 0:07 | Build | House |
| 0:10 | Build | House |
| 1:30 | Create | Villager (Male) |
| 2:26 | Build | Palisade Wall |
| 2:33 | Create | Villager (Male) |
| 2:36 | Create | Villager (Male) |
| 2:53 | Create | Villager (Male) |
| 3:09 | Build | Palisade Gate |
| 3:18 | Create | Villager (Male) |
| 3:56 | Build | Lumber Camp |
| 3:58 | Create | Villager (Male) |
| 4:07 | Create | Villager (Male) |
| 4:26 | Create | Villager (Male) |
| 4:50 | Build | Outpost |
| 5:40 | Build | Outpost |
| 5:51 | Create | Villager (Male) |
| 5:56 | Create | Villager (Male) |
| 6:11 | Build | Outpost |
| 6:24 | Build | Mill |
| 6:25 | Create | Villager (Male) |
| 6:42 | Create | Villager (Male) |
| 7:44 | Create | Villager (Male) |
| 7:44 | Create | Villager (Male) |
| 8:06 | Build | House |
| 8:08 | Build | House |
| 8:33 | Create | Villager (Male) |
| 8:35 | Create | Villager (Male) |
| 9:21 | Research | Feudal Age |
| 9:24 | Build | Mining Camp |
| 11:49 | Build | Farm |
| 11:51 | Build | Farm |
| 11:53 | Build | Farm |
| 11:54 | Build | Farm |
| 11:56 | Build | Farm |
| 11:57 | Build | Farm |
| 11:59 | Build | Farm |
| 12:08 | Create | Villager (Male) |
| 12:08 | Create | Villager (Male) |
| 12:09 | Create | Villager (Male) |
| 12:21 | Build | Stone Wall |
| 12:27 | Build | Gate |
| 12:32 | Research | Town Watch |
| 13:05 | Build | Barracks |
| 13:18 | Create | Villager (Male) |
| 13:43 | Create | Villager (Male) |
| 13:43 | Create | Villager (Male) |
| 14:14 | Build | Blacksmith |
| 14:17 | Create | Villager (Male) |
| 14:21 | Create | Villager (Male) |
| 14:56 | Build | Farm |
| 15:13 | Create | Villager (Male) |
| 15:18 | Build | House |
| 15:20 | Build | House |
| 15:40 | Build | Market |
| 16:04 | Create | Villager (Male) |
| 16:16 | Build | Mining Camp |
| 16:18 | Create | Villager (Male) |
| 16:46 | Research | Castle Age |
| 16:54 | Build | Farm |
| 17:41 | Research | Double-Bit Axe |
| 17:42 | Research | Horse Collar |
| 18:08 | Research | Stone Mining |
| 18:09 | Research | Gold Mining |
| 18:45 | Build | House |
| 18:47 | Build | House |
| 19:56 | Build | House |
| 19:58 | Build | House |
| 20:00 | Build | House |
| 20:12 | Create | Villager (Male) |
| 20:12 | Create | Villager (Male) |
| 20:27 | Build | Town Center |
| 20:32 | Create | Villager (Male) |
| 20:32 | Create | Villager (Male) |
| 20:51 | Research | Bow Saw |
| 20:52 | Research | Heavy Plow |
| 20:58 | Build | Farm |
| 21:00 | Create | Villager (Male) |
| 21:27 | Build | Farm |
| 21:42 | Build | Farm |
| 21:50 | Build | Farm |
| 21:53 | Create | Villager (Male) |
| 21:54 | Create | Villager (Male) |
| 21:57 | Create | Villager (Male) |
| 21:58 | Create | Villager (Male) |
| 21:58 | Create | Villager (Male) |
| 21:58 | Create | Villager (Male) |
Match timeline
| 0:57 | ROXAS091 · wall_segment Palisade Wall x14 |
| 2:26 | Zkittlez · wall_segment Palisade Wall x15 |
| 2:26 | XGTIROMlllX · wall_segment Palisade Wall x14 |
| 4:20 | Burzgûl · wall_segment Palisade Wall x15 |
| 4:59 | aintatenaTTV · wall_segment Palisade Wall x14 |
| 6:58 | Wondermaker · wall_segment Palisade Wall x8 |
| 7:06 | Wondermaker · wall_segment Palisade Wall x4 |
| 10:08 | Zkittlez · age_up feudal |
| 10:38 | Wondermaker · age_up feudal |
| 10:41 | Burzgûl · first_building Barracks |
| 11:32 | Burzgûl · age_up feudal |
| 11:40 | Zkittlez · first_building Stable |
| 12:09 | mattsouzadrums · age_up feudal |
| 12:10 | mattsouzadrums · first_building Barracks |
| 12:21 | XGTIROMlllX · wall_segment Stone Wall x14 |
| 12:27 | aintatenaTTV · first_building Barracks |
| 13:05 | XGTIROMlllX · first_building Barracks |
| 13:42 | Burzgûl · first_building Stable |
| 14:32 | Titoxhn · first_building Barracks |
| 15:02 | mattsouzadrums · first_building Archery Range |
| 15:52 | Titoxhn · first_building Stable |
| 17:02 | mattsouzadrums · first_building Stable |
| 17:56 | Burzgûl · age_up castle |
| 18:53 | XGTIROMlllX · first_market_buy 100 wood |
| 18:56 | aintatenaTTV · first_building Archery Range |
| 19:21 | Zkittlez · age_up castle |
| 21:05 | aintatenaTTV · wall_segment Stone Wall x15 |
| 22:04 | Wondermaker · first_building Barracks |
| 22:07 | Burzgûl · resign |
[ AI ANALYSIS · 1 CREDIT ]
What really happened in this match?
Wolo.gg analyzes every decision: build order, eco, micro, common mistakes by bracket. Personalized analysis on WhatsApp or Discord in 30 seconds.
Civ guide
Magyars
Map guide
Glade
Perfil
Jugador #13228394